 Dungeon Crawl Stone Soup version 0.29-a0-791-ga0f254aafb (webtiles) character file.

Game seed: 18332148234965748893

1876 Malachi the Skirmisher (level 7, -3/50 HPs)
             Began as a Demonspawn Hunter on July 3, 2022.
             Was a Priest of Ru.
             Slain by a yak (9 damage)
             ... on level 5 of the Dungeon.
             The game lasted 00:09:27 (7060 turns).

Malachi the Skirmisher (Demonspawn Hunter)          Turns: 7060, Time: 00:09:27

Health: -3/50      AC: 10    Str: 11    XL:     7   Next: 91%
Magic:  7/7        EV: 12    Int: 10    God:    Ru [***...]
Gold:   973        SH:  0    Dex: 19    Spells: 6/6 levels left

rFire   + . .      SeeInvis .   i - +2 hand crossbow (vorpal)
rCold   . . .      Faith    +   (no shield)
rNeg    . . .      Spirit   .   c - +0 leather armour
rPois   +          Reflect  .   j - +2 hat
rElec   .          Harm     .   A - +2 cloak
rCorr   .          Rampage  .   (no gloves)
Will    +....      Clarity  +   (no boots)
Stlth   ++........              B - amulet of faith
HPRegen 0.16/turn               h - ring of willpower
MPRegen 0.10/turn               l - ring of poison resistance

@: no status effects
A: hooves 1, thin metallic scales 1, hated by all, inexperienced 1, demonic
magic 1, clarity, fire resistance 1
a: Renounce Religion, Draw Out Power


You were on level 5 of the Dungeon.
You worshipped Ru.
Ru was most pleased with you.
You visited 1 branch of the dungeon, and saw 5 of its levels.
You also visited: Ossuary.

You collected 1105 gold pieces.
You spent 132 gold pieces at shops.

Inventory:

Hand Weapons
 i - a +2 vorpal hand crossbow (weapon)
 o - a +3 shortbow of flaming
Missiles
 g - 6 datura-tipped darts
Armour
 c - a +0 leather armour (worn)
 j - a +2 hat (worn)
 A - a +2 cloak (worn)
Jewellery
 a - a ring of ice
 h - a ring of willpower (left hand)
 l - a ring of poison resistance (right hand)
 r - a ring of wizardry
 u - a ring of protection from cold
 B - an amulet of faith (around neck)
 G - a ring of resist corrosion
Wands
 w - a wand of iceblast (10)
 y - a wand of flame (13)
 D - a wand of mindburst (18)
 E - a wand of quicksilver (8)
Scrolls
 b - a scroll of immolation
 e - a scroll of poison
 f - a scroll of teleportation
 k - a scroll of torment
 m - 2 scrolls of fog
 n - 3 scrolls of magic mapping
 s - a scroll of amnesia {unknown}
 v - a scroll of identify
 x - a scroll of noise
 F - a scroll of blinking
Potions
 d - a potion of mutation
 p - 2 potions of curing
 q - 2 potions of lignification
 t - 2 potions of flight
 z - a potion of might
 K - a potion of haste


   Skills:
 - Level 2.0 Fighting
 * Level 11.2 Ranged Weapons
 - Level 0.4 Armour
 - Level 1.7 Dodging
 - Level 0.8 Stealth


You had 6 spell levels left.
You didn't know any spells.
Your spell library contained the following spells:

 Spells                   Type           Power      Damage    Failure   Level
 Borgnjor's Vile Clutch   Necr/Erth      0%         N/A       100%        5
 Animate Dead             Necr           Unusable   N/A       N/A         4
 Death Channel            Necr           Unusable   N/A       N/A         6

Dungeon Overview and Level Annotations

Branches:
Dungeon (5/15)            Ossuary (visited)
 Temple: D:4-7

Altars:
Cheibriados
Kikubaaqudgha
Ru
Trog

Shops:
D:2 ((:*   D:3 !


Innate Abilities, Weirdness & Mutations

You have large cloven feet.
You are partially covered in thin metallic scales. (AC +2)
You are hated by all.
You are somewhat inexperienced. (-1 XL)
Spells you cast may paralyse adjacent enemies.
You possess an exceptional clarity of mind.
Your flesh is heat resistant. (rF+)


Message History

Your Ranged Weapons skill increases to level 11!
You shoot a bolt. The bolt hits the yak.
The yak is lightly wounded.
The yak gores you. The yak gores you but does no damage. The yak gores you!
The yak barely misses you.
You shoot a bolt. The bolt hits the yak!
The yak is moderately wounded.
The yak barely misses you. The yak gores you.
You shoot a bolt. The bolt hits the yak.
The yak is heavily wounded.
The yak misses you. The yak barely misses you.
You shoot a bolt. The bolt closely misses the yak.
The yak gores you. The yak barely misses you.
You are too injured to fight recklessly!
You are too injured to fight recklessly!
You are too injured to fight recklessly!
You are too injured to fight recklessly!
Fire: i) +2 hand crossbow (vorpal)
Press: ? - help, Q - select action, (/) - cycle Shift-Dir - straight line, f/p - yak
Aim: a yak (heavily wounded)
You shoot a bolt. The bolt closely misses the yak.
The yak gores you but does no damage. The yak completely misses you.
The yak gores you but does no damage. The yak barely misses you.
Fire: i) +2 hand crossbow (vorpal)
Press: ? - help, Q - select action, (/) - cycle Shift-Dir - straight line, f/p - yak
Aim: a yak (heavily wounded)
You shoot a bolt. The bolt barely misses the yak.
The yak gores you!
* * * LOW HITPOINT WARNING * * *
The yak completely misses you.
Fire: i) +2 hand crossbow (vorpal)
Press: ? - help, Q - select action, (/) - cycle Shift-Dir - straight line, f/p - yak
Aim: a yak (heavily wounded)
You shoot a bolt. The bolt hits the yak.
The yak is heavily wounded.
The yak closely misses you. The yak barely misses you.
The yak attacks as you move away! The yak gores you!
* * * LOW HITPOINT WARNING * * *
The yak attacks as you move away! The yak gores you!
You die...

#.##...#####..# #.YS#....#
#.##..........# ##Y###.###
#.#...######.## #YY#..# #
#.#.#.# ##'## #Y#.#.### #.....#
##...## ###........ ###.###
##.....## #.........# ##..#
##.......## #.#.###.#.# #...#
##.....YY..###....#....# #####
#'.....@†.†'...........#
##.........###..........
♣♣♣♣♣####.......## #.........#
#♣♣♣.♣...##.......##
#####....## #♣.)♣.......##....#
###.#.##
'.♣♣♣♣......###'#+#######'..###
#♣♣ ♣♣..#.## #.##...#...#..# #
♣♣#### #.##.>.#.>.##.#
##.##...#...##.#


You could see 2 yaks.

Vanquished Creatures
  Grinder (D:5)
  A wraith (Ossuary)
  4 yaks (D:5)
  Eustachio (D:5)
  2 water moccasins (D:5)
  2 phantoms (D:5)
  Blork the orc (D:5)
  2 jellies
  3 hounds
  Crazy Yiuf (D:5)
  Jessica (D:3)
  2 mummies (Ossuary)
  4 gnolls (D:3)
  9 adders
  A worm (D:4)
  5 dart slugs
  2 orcs
  6 ball pythons
  6 endoplasms
  A giant cockroach (D:3)
  4 goblins
  10 hobgoblins
  5 jackals
  5 quokkas
  6 bats
  3 frilled lizards
  4 goblin zombies (Ossuary)
  2 hobgoblin zombies (Ossuary)
  7 kobolds
  3 kobold zombies (Ossuary)
  23 rats
127 creatures vanquished.

Vanquished Creatures (others)
  A mummy (Ossuary)
1 creature vanquished.

Grand Total: 128 creatures vanquished

Notes
Turn   | Place    | Note
-------+----------+-------------------------------------------
     0 | D:1      | Malachi the Demonspawn Hunter began the quest for the Orb.
     0 | D:1      | Reached XP level 1. HP: 16/16 MP: 1/1
   284 | D:1      | Reached skill level 4 in Ranged Weapons
   348 | D:1      | Gained mutation: You have large cloven feet. [demonic
                  | ancestry]
   348 | D:1      | Reached XP level 2. HP: 22/22 MP: 2/2
  1227 | D:2      | Gained mutation: You are partially covered in thin metallic
                  | scales. (AC +2) [demonic ancestry]
  1227 | D:2      | Reached XP level 3. HP: 27/27 MP: 3/3
  1712 | D:2      | Found Aterompu's General Store.
  1785 | D:2      | Found Quguw's Antique Weapon Emporium.
  1793 | D:2      | Bought a runed shortbow for 132 gold pieces
  1823 | D:2      | Found Binufez's Book Shop.
  1857 | D:2      | Found a faded altar of an unknown god.
  1867 | D:2      | Reached skill level 5 in Ranged Weapons
  1872 | D:2      | Prayed at the altar of an unknown god.
  1872 | D:2      | Became a worshipper of Ru the Awakened
  1890 | D:2      | Gained mutation: You are hated by all. [Ru sacrifice]
  1890 | D:2      | Reached * piety under Ru
  1890 | D:2      | Reached ** piety under Ru
  1903 | D:2      | Found a snail-covered altar of Cheibriados.
  1914 | D:2      | Found Jinnair's Weapon Boutique.
  2493 | D:3      | Gained mutation: Spells you cast may paralyse adjacent
                  | enemies. [demonic ancestry]
  2493 | D:3      | Reached XP level 4. HP: 33/33 MP: 4/4
  2922 | D:3      | Reached XP level 5. HP: 30/38 MP: 5/5
  2998 | D:3      | Found Wuthrur's Distillery.
  3000 | D:3      | Noticed Jessica
  3084 | D:3      | Killed Jessica
  3085 | D:3      | Reached skill level 6 in Ranged Weapons
  3118 | D:3      | Found an ancient bone altar of Kikubaaqudgha.
  3119 | D:3      | Found a bloodstained altar of Trog.
  3489 | D:4      | Reached XP level 6. HP: 31/44 MP: 6/6
  4238 | D:5      | Entered Level 5 of the Dungeon
  4356 | D:5      | Noticed Eustachio
  4363 | D:5      | Reached skill level 7 in Ranged Weapons
  4371 | D:5      | Killed Eustachio
  4395 | D:5      | Noticed Blork the orc
  4400 | D:5      | Killed Blork the orc
  4401 | D:5      | Reached XP level 7. HP: 42/50 MP: 7/7
  4478 | D:5      | Reached skill level 8 in Ranged Weapons
  4759 | D:5      | Found a sand-covered staircase.
  4813 | D:5      | Gained mutation: You are somewhat inexperienced. (-1 XL)
                  | [Ru sacrifice]
  4813 | D:5      | Reached XP level 6. HP: 44/44 MP: 6/6
  4813 | D:5      | Reached *** piety under Ru
  4826 | Ossuary  | Entered an ossuary
  4826 | Ossuary  | Noticed a wraith
  4826 | Ossuary  | Noticed a wraith
  4826 | Ossuary  | Noticed a wraith
  5063 | Ossuary  | Noticed a wraith
  5076 | Ossuary  | Killed a wraith
  5077 | Ossuary  | Reached skill level 9 in Ranged Weapons
  5237 | Ossuary  | Identified 2 scrolls of acquirement
  5237 | Ossuary  | Acquired a +2 vorpal hand crossbow
  5242 | Ossuary  | Acquired 751 gold pieces
  5249 | Ossuary  | Gained mutation: Your system is resistant to poisons.
                  | (rPois) [potion of mutation]
  5249 | Ossuary  | Gained mutation: Your spells are a little harder to cast,
                  | but a little more powerful. [potion of mutation]
  5250 | Ossuary  | Lost mutation: Your spells are a little harder to cast, but
                  | a little more powerful. [potion of mutation]
  5250 | Ossuary  | Lost mutation: Your system is resistant to poisons. (rPois)
                  | [potion of mutation]
  5250 | Ossuary  | Gained mutation: Your spells are a little easier to cast,
                  | but a little less powerful. [potion of mutation]
  5251 | Ossuary  | Lost mutation: Your spells are a little easier to cast, but
                  | a little less powerful. [potion of mutation]
  5251 | Ossuary  | Gained mutation: You possess an exceptional clarity of
                  | mind. [potion of mutation]
  5251 | Ossuary  | Gained mutation: Your flesh is heat resistant. (rF+)
                  | [potion of mutation]
  5390 | D:5      | Noticed a yak
  5390 | D:5      | Noticed a yak
  5391 | D:5      | Noticed a yak
  5393 | D:5      | Noticed a yak
  5394 | D:5      | Killed a yak
  5395 | D:5      | Reached XP level 7. HP: 50/50 MP: 7/7
  5404 | D:5      | HP: 2/50 [yak (5)]
  6452 | D:5      | Noticed Grinder
  6456 | D:5      | Paralysed by Grinder for 3 turns
  6459 | D:5      | Killed Grinder
  6460 | D:5      | Reached skill level 10 in Ranged Weapons
  6927 | D:5      | Found a runed translucent door.
  6928 | D:5      | Noticed Crazy Yiuf
  7005 | D:5      | Killed Crazy Yiuf
  7053 | D:5      | Reached skill level 11 in Ranged Weapons
  7060 | D:5      | Slain by a yak

Illustrated notes

Levels and vault maps discovered:
D:1:      dpeg_arrival_tiny_i, layout_loops_ring, supply_closet_lemuel,
          due_unseen_surprise
D:2:      layout_loops_corners, basic_altar, nicolae_ecumenical_snake_handling,
          serial_shops, nicolae_shop_window_shopping, nicolae_shop_crystal,
          nicolae_shop_stone, shop, minmay_rat_hole
D:3:      layout_basic, nicolae_overflow_hidden_temple, serial_shops,
          shop_statue, uniq_jessica
D:4:      wad_river_or_something, layout_loops_ring, corexii_checkpoint_b
D:5:      layout_loops_corners, nicolae_ossuary_entry_false_entrances,
          uniq_grinder, uniq_eustachio, uniq_crazy_yiuf_cottage,
          uniq_blork_the_orc

Skill      XL: |  1  2  3  4  5  6  7 |
---------------+----------------------+-----
Ranged Weapons | 4 5 6 9 11 | 11.2
Fighting       | |  2.0
Armour         | |  0.4
Dodging        | |  1.7
Stealth        | |  0.8

Action                   |  1- 3 |  4- 6 |  7- 9 || total
-------------------------+-------+-------+-------++-------
 Fire: Shortbow          |   114 |   160 |    30 ||   304
       Hand crossbow     |       |     5 |    50 ||    55
Invok: Sacrifice Love    |     1 |       |       ||     1
       Sacrifice Experie |       |     1 |       ||     1
       Draw Out Power    |       |       |     1 ||     1
  Use: Scroll            |     1 |    11 |     2 ||    14
       Potion            |       |    13 |       ||    13
Armor: Leather armour    |    19 |     7 |    16 ||    42
Dodge: Dodged            |    44 |    41 |    43 ||   128

Table legend: (Time is in decaauts)
 A = Elapsed time spent in this place.
 B = Non-inter-level travel time spent in this place.
 C = Inter-level travel time spent in this place.
 D = Time resting spent in this place.
 E = Time spent auto-exploring this place.
 F = Levels seen in this place.
 G = Mean time per level.
                   A        B        C        D        E       F      G
               +--------+--------+--------+--------+--------+-----+--------+
         Total |   7147 |   7028 |    119 |   1761 |   4390 |   6 | 1191.2 |
       Dungeon |   6689 |   6570 |    119 |   1761 |   4045 |   5 | 1337.8 |
       Ossuary |    458 |    458 |      0 |      0 |    345 |   1 |  458.0 |
               +--------+--------+--------+--------+--------+-----+--------+

Top non-repeatable levels by time:
     D:5: 1902 daAuts
     D:2: 1773 daAuts
     D:4: 1481 daAuts
     D:3: 780 daAuts
     D:1: 751 daAuts
 Ossuary: 458 daAuts
